 Dungeon Crawl Stone Soup version 0.19-a0-1932-g59670f6 (webtiles) character file.

45213 sleepydude the Basher (level 14, -1/116 HPs)
             Began as a Formicid Fighter on Oct 25, 2016.
             Was an Initiate of Gozag.
             Slain by an eight-headed hydra (11 damage)
             ... on level 1 of the Swamp on Oct 26, 2016.
             The game lasted 01:03:45 (18875 turns).

sleepydude the Basher (Formicid Fighter)           Turns: 18875, Time: 01:03:46

Health: -1/116     AC: 21    Str: 30    XL:     14   Next: 69%
Magic:  14/14      EV: 15    Int: 14    God:    Gozag
Gold:   1347       SH: 20    Dex: 19    Spells: 0 memorised, 13 levels left

rFire  . . .     SeeInvis +     v - +0 eveningstar
rCold  . . .     Gourm    .     Z - +2 scale mail {rPois}
rNeg   + . .     Faith    .     i - +2 shield {AC+3}
rPois  +         Spirit   .     (helmet unavailable)
rElec  .         Reflect  +     G - +2 cloak of the Many Blessings {Int+5}
rCorr  .         Harm     .     k - +2 pair of gloves
MR     ++...                    (no boots)
Stlth  +.........               J - +3 amulet of reflection
                                C - ring of Pragmatism {rN+ Dex+4}
                                H - ring of protection from magic

@: mighty, agile, gold aura
A: permanent stasis, dig shafts and tunnels, four strong arms, antennae 3
a: Dig, Shaft Self, Potion Petition, Call Merchant, Bribe Branch, Renounce
Religion


You were on level 1 of the Swamp.
You worshipped Gozag.
Gozag was most pleased with you.
You were not hungry.

You visited 4 branches of the dungeon, and saw 17 of its levels.
You also visited: Labyrinth.

You collected 3388 gold pieces.
You spent 458 gold pieces at shops.
You paid 1583 gold pieces to Gozag.

Inventory:

Hand Weapons
 a - a +0 flail
 b - a +0 mace of protection
 c - a +1 whip of electrocution
 v - a +0 eveningstar (weapon)
 Q - a +4 flail
Armour
 h - a +0 large shield
 i - a +2 shield of protection (worn)
 k - a +2 pair of gloves (worn)
 m - a +1 ring mail of fire resistance
 u - the +15 Maxwell's patent armour {-Cast -Tele rElec MR+ rCorr}
   (You found it on level 4 of the Lair of Beasts)

   It insulates you from electricity.
   It affects your resistance to hostile enchantments.
   It prevents spellcasting.
   It prevents most forms of teleportation.
   It protects you from acid and corrosion.
 G - the +2 cloak of the Many Blessings (worn) {Int+5}
   (You found it on level 5 of the Dungeon)

   It affects your intelligence (+5).
 Z - a +2 scale mail of poison resistance (worn)
Jewellery
 d - an uncursed ring of protection from cold
 A - the ring of the Chupacabra {rF+ rC+ Int+4}
   (You found it in a labyrinth)

   [ring of protection from fire]

   It affects your intelligence (+4).
   It protects you from fire.
   It protects you from cold.
 C - the ring of Pragmatism (right hand) {rN+ Dex+4}
   (You bought it in a shop on level 4 of the Lair of Beasts)

   [ring of dexterity]

   It affects your dexterity (+4).
   It protects you from negative energy.
 H - a ring of protection from magic (left hand)
 J - a +3 amulet of reflection (around neck)
 P - an uncursed ring of protection from cold
 V - an uncursed ring of fire
Scrolls
 e - a scroll of enchant weapon
 j - 15 scrolls of identify {@r1}
 o - a scroll of fear
 t - 5 scrolls of recharging
 w - 3 scrolls of summoning
 y - 9 scrolls of remove curse {@r2}
 B - 5 scrolls of immolation {unknown}
 E - 5 scrolls of fog {unknown}
 F - a scroll of noise {unknown}
 I - 4 scrolls of teleportation {unknown}
 K - a scroll of amnesia {unknown}
 M - 4 scrolls of enchant armour {unknown}
 S - 2 scrolls of blinking {unknown}
 W - a scroll of vulnerability {unknown}
Potions
 g - 13 potions of curing {@q1}
 l - 3 potions of cure mutation
 n - a potion of flight {unknown}
 p - 2 potions of brilliance
 q - a potion of beneficial mutation {unknown}
 z - 4 potions of invisibility {unknown}
 N - a potion of experience {unknown}
 O - a potion of cancellation {unknown}
 R - 2 potions of lignification {unknown}
 Y - 3 potions of ambrosia {unknown}
Miscellaneous
 L - a phantom mirror
Comestibles
 f - 15 bread rations
 x - 6 meat rations


   Skills:
 + Level 12.4 Fighting
 * Level 14.9 Maces & Flails
 + Level 12.6 Armour
 + Level 13.3 Shields


You had 13 spell levels left.
You didn't know any spells.

Dungeon Overview and Level Annotations

Branches:
Dungeon (11/15)            Temple (1/1) D:7            Lair (4/6) D:10
  Swamp (1/4) Lair:4       Spider (0/4) Lair:3          Orc (0/2) D:10

Altars:
Ashenzari
Cheibriados
Dithmenos
Elyvilon
Fedhas
Gozag
Hepliaklqana
Kikubaaqudgha
Makhleb
Nemelex Xobeh
Okawaru
Qazlal
Ru
Sif Muna
Trog
Uskayaw
Vehumet
Xom
Yredelemnul
Zin
The Shining One

Shops:
D:8 (   Lair:4 [*

Annotations:
D:3 mamga's ghost, amateur SpVM


Innate Abilities, Weirdness & Mutations

You are under a permanent stasis effect.
You can dig through walls and to a lower floor.
Your four strong arms can wield two-handed weapons with a shield.
You have a pair of large antennae on your head. (SInv)


Message History

The eight-headed hydra closely misses you.
You block the eight-headed hydra's attack.
The eight-headed hydra bites you but does no damage.
The eight-headed hydra closely misses you.
The eight-headed hydra bites you.
* * * LOW HITPOINT WARNING * * *
The eight-headed hydra bites you.
* * * LOW HITPOINT WARNING * * *
The eight-headed hydra bites you!
* * * LOW HITPOINT WARNING * * *
You feel very mighty all of a sudden.
You block the eight-headed hydra's attack. x2
The eight-headed hydra bites you but does no damage.
The eight-headed hydra completely misses you.
The eight-headed hydra bites you but does no damage.
The eight-headed hydra bites you!
* * * LOW HITPOINT WARNING * * *
The eight-headed hydra bites you!
You die...
Your body crumbles into a pile of gold.

♣... .♣.. .♣.≈♣♣♣♣♣ ♣♣♣
..≈≈≈.≈.♣♣♣ ♣♣≈♣♣
≈.≈≈≈≈≈.≈≈♣♣♣..≈♣♣
...≈≈.≈≈...≈.≈≈.≈♣
≈≈.≈.......≈§≈≈.♣♣
♣♣.≈≈.♣♣.≈≈≈≈≈≈.♣♣♣♣♣
..≈≈..≈♣♣≈≈≈≈≈≈≈@...♣
≈≈≈≈...♣♣.≈≈≈≈≈≈.D$♣§...♣
≈..>.≈♣§...≈≈≈≈.≈♣♣≈..≈♣♣
......♣.....≈≈≈..≈.≈♣♣...♣
.≈....♣..≈....≈≈≈$≈§≈ ..
♣≈.≈≈.≈♣♣♣...§≈≈.....♣ $
♣..≈≈..≈♣♣♣♣.....♣≈..♣
♣.<.≈♣...♣ ♣..≈≈≈.♣≈≈♣$
♣≈.♣♣..≈.♣ ≈≈≈≈≈≈ ♣♣♣


You could see an eight-headed hydra.

Vanquished Creatures
  A dire elephant (Lair:3)
  A minotaur (Lab)
  The ghost of Sestren413 the Grappler, a journeyman DrTm of Okawaru (D:11)
  A catoblepas (Lair:3)
  11 hydras
  Erica (Lair:2)
  Urug (Lair:2)
  An unseen horror (D:11)
  A swamp dragon (Swamp:1)
  2 hill giants
  2 ugly things (D:11)
  A manticore (D:11)
  13 elephants
  A black mamba (Lair:3)
  Joseph (D:7)
  A torpor snail (Lair:2)
  14 spiny frogs
  2 rime drakes
  8 komodo dragons
  2 trolls
  2 polar bears (Lair:4)
  Prince Ribbit (D:7)
  A two-headed ogre (D:8)
  Grinder (D:6)
  10 blink frogs
  6 hippogriffs
  A spriggan (D:9)
  A wyvern (D:10)
  22 yaks
  2 basilisks
  Menkaure (D:7)
  2 hungry ghosts
  6 insubstantial wisps (Swamp:1)
  A soldier ant (D:11)
  2 swamp worms (Lair:4)
  7 water moccasins
  4 porcupines
  2 black bears
  2 orc warriors (D:11)
  2 swamp drakes (Swamp:1)
  4 sky beasts
  An eye of draining (D:11)
  4 ice beasts
  2 necrophages
  2 phantoms
  4 wolves (Lair:3)
  5 centaurs
  5 ogres
  3 big kobolds
  6 crocodiles
  16 bullfrogs
  6 scorpions
  A wyvern skeleton (D:8)
  A water moccasin skeleton (D:8)
  3 killer bees (D:9)
  7 wights
  An electric eel (Lair:3)
  2 howler monkeys
  11 crimson imps
  A bullfrog zombie (D:7)
  A lava snake (D:9)
  A centaur zombie (D:6)
  A quasit (D:11)
  4 centaur skeletons
  2 orc priests
  3 bullfrog skeletons
  4 hounds
  3 jellies
  11 orc wizards
  Crazy Yiuf (D:2)
  5 iguanas
  10 worker ants
  2 hound skeletons (D:11)
  A hound zombie (D:6)
  A howler monkey zombie (D:11)
  3 worker ant zombies
  5 gnolls
  12 adders
  3 shadow imps
  A white imp (D:11)
  An ooze (D:2)
  An adder skeleton (D:4)
  A worm (D:4)
  2 dart slugs (D:1)
  4 leopard geckos
  28 orcs
  3 bats
  10 giant cockroaches
  8 hobgoblins
  12 jackals
  4 quokkas
  6 frilled lizards
  6 goblins
  A jackal zombie (D:5)
  15 kobolds
  A quokka skeleton (D:4)
  11 rats
415 creatures vanquished.

Vanquished Creatures (collateral kills)
  Pikel (D:6)
  A slave (D:6)
2 creatures vanquished.

Vanquished Creatures (others)
  3 slaves (D:6)
  An orc priest (D:6)
  A worker ant (D:6)
  A quokka (D:6)
  6 plants (D:10)
  9 toadstools (Lair:3)
21 creatures vanquished.

Grand Total: 438 creatures vanquished

Notes
Turn   | Place    | Note
-------+----------+-------------------------------------------
     0 | D:1      | sleepydude the Formicid Fighter began the quest for the Orb.
     0 | D:1      | Reached XP level 1. HP: 18/18 MP: 1/1
   227 | D:1      | Reached XP level 2. HP: 21/24 MP: 2/2
   609 | D:1      | Reached XP level 3. HP: 27/29 MP: 3/3
  1010 | D:2      | Found a hide-covered altar of Uskayaw.
  1259 | D:2      | Reached XP level 4. HP: 32/37 MP: 4/4
  1263 | D:2      | Reached skill level 3 in Maces & Flails
  1658 | D:2      | Found a runed door.
  1834 | D:2      | Reached XP level 5. HP: 42/42 MP: 5/5
  1919 | D:2      | Noticed Crazy Yiuf
  1928 | D:2      | Killed Crazy Yiuf
  2396 | D:3      | Noticed mamga's ghost (amateur SpVM)
  3255 | D:4      | Got a slimy ring mail
  3273 | D:3      | Identified the cursed +0 ring mail "Zases" {SInv} (You found it on level 4 of the Dungeon)
  3370 | D:4      | Reached XP level 6. HP: 45/49 MP: 6/6
  3550 | D:4      | Found a white marble altar of Elyvilon.
  3642 | D:4      | Noticed an ogre
  3655 | D:4      | Killed an ogre
  3655 | D:4      | Reached skill level 4 in Maces & Flails
  3803 | D:4      | Reached skill level 5 in Shields
  3803 | D:4      | Reached XP level 7. HP: 48/55 MP: 7/7
  3831 | D:4      | Found a snail-covered altar of Cheibriados.
  3977 | D:4      | Reached skill level 5 in Armour
  4427 | D:4      | Found a hazy altar of Hepliaklqana.
  4498 | D:5      | Entered Level 5 of the Dungeon
  4576 | D:5      | Reached skill level 5 in Fighting
  4652 | D:5      | Got a brightly glowing plate armour
  4668 | D:5      | Identified the +10 plate armour of Resourcefulness {Int+3 Dex+3 Stlth+} (You found it on level 5 of the Dungeon)
  4813 | D:5      | Reached skill level 5 in Maces & Flails
  4970 | D:5      | Found a glowing golden altar of the Shining One.
  5025 | D:5      | Reached XP level 8. HP: 46/62 MP: 8/8
  5166 | D:5      | Got a polished cloak
  5177 | D:5      | Identified the +2 cloak of the Many Blessings {Int+5} (You found it on level 5 of the Dungeon)
  5653 | D:6      | Noticed Grinder
  5699 | D:6      | Killed Grinder
  5699 | D:6      | Reached skill level 6 in Maces & Flails
  5799 | D:6      | Noticed Pikel
  5849 | D:6      | Killed Pikel
  6114 | D:6      | Reached XP level 9. HP: 65/69 MP: 9/9
  6245 | D:6      | Reached skill level 7 in Maces & Flails
  6385 | D:6      | Found a shimmering altar of Xom.
  7007 | D:7      | Noticed Joseph
  7026 | D:7      | Killed Joseph
  7026 | D:7      | Reached skill level 8 in Maces & Flails
  7066 | D:7      | Noticed Menkaure
  7072 | D:7      | Killed Menkaure
  7158 | D:7      | Reached XP level 10. HP: 48/79 MP: 10/10
  7367 | D:7      | Noticed Prince Ribbit
  7568 | D:7      | Killed Prince Ribbit
  7662 | D:7      | Found a staircase to the Ecumenical Temple.
  7679 | Temple   | Entered the Ecumenical Temple
  7992 | Temple   | Became a worshipper of Gozag Ym Sagoz the Greedy
  8065 | D:8      | Reached skill level 9 in Maces & Flails
  8278 | D:8      | Found Sittigu's Weapon Shop.
  8504 | D:8      | Found an iron altar of Okawaru.
  8504 | D:8      | Found a faded altar of an unknown god.
  8509 | D:8      | Found a faded altar of an unknown god.
  8511 | D:8      | Found a faded altar of an unknown god.
  8512 | D:8      | Found a faded altar of an unknown god.
  8748 | D:9      | Found a sacrificial altar of Ru.
  8870 | D:9      | Found a stormy altar of Qazlal.
  9458 | D:9      | Reached XP level 11. HP: 87/87 MP: 11/11
  9603 | D:10     | Entered Level 10 of the Dungeon
  9662 | D:10     | Reached skill level 10 in Maces & Flails
 10007 | D:10     | Noticed a hill giant
 10327 | D:10     | Found a staircase to the Lair.
 10552 | D:10     | Killed a hill giant
 10709 | D:10     | Found a staircase to the Orcish Mines.
 10935 | D:11     | Reached skill level 10 in Shields
 11110 | D:11     | Reached skill level 11 in Maces & Flails
 11142 | D:11     | Noticed a five-headed hydra
 11173 | D:11     | Killed a five-headed hydra
 11404 | D:11     | Noticed Sestren413's ghost (journeyman DrTm)
 11730 | D:11     | Killed Sestren413's ghost
 12001 | D:11     | Reached XP level 12. HP: 94/97 MP: 12/12
 12184 | D:11     | Noticed an unseen horror
 12201 | D:11     | Killed an unseen horror
 12201 | D:11     | Reached skill level 10 in Fighting
 12229 | D:11     | Reached skill level 10 in Armour
 12620 | D:11     | Reached skill level 12 in Maces & Flails
 13333 | D:10     | Noticed a seven-headed hydra
 13349 | D:10     | Killed a seven-headed hydra
 13489 | Lair:1   | Entered Level 1 of the Lair of Beasts
 14063 | Lair:1   | Noticed a five-headed hydra
 14078 | Lair:1   | Killed a five-headed hydra
 14354 | Lair:1   | Reached XP level 13. HP: 104/104 MP: 13/13
 14585 | Lair:2   | Noticed a six-headed hydra
 14625 | Lair:2   | Killed a six-headed hydra
 14643 | Lair:2   | Noticed Erica
 14667 | Lair:2   | Killed Erica
 14667 | Lair:2   | Reached skill level 13 in Maces & Flails
 15045 | Lair:2   | Noticed Urug
 15072 | Lair:2   | Killed Urug
 15285 | Lair:2   | Noticed a seven-headed hydra
 15308 | Lair:2   | Killed a seven-headed hydra
 15611 | Lair:2   | You fall through a shaft for 2 floors!
 15613 | Lair:4   | Noticed a seven-headed hydra
 15634 | Lair:4   | Killed a seven-headed hydra
 15762 | Lair:4   | Found a labyrinth entrance.
 15764 | Lair:4   | Noticed a six-headed hydra
 15776 | Lair:4   | Killed a six-headed hydra
 15828 | Lab      | Entered a labyrinth
 16313 | Lab      | Noticed a minotaur
 16328 | Lab      | Killed a minotaur
 16333 | Lab      | Identified the Papyrus of Congealing Execration
 16334 | Lab      | Got a heavily runed steel ring
 16728 | Lair:3   | Found a hole to the Spider Nest.
 16895 | Lair:3   | Reached skill level 14 in Maces & Flails
 16908 | Lair:3   | Reached XP level 14. HP: 90/114 MP: 14/14
 17378 | Lair:3   | Found a runed door.
 17627 | Lair:3   | Noticed a dire elephant
 17715 | Lair:3   | Killed a dire elephant
 18104 | Lair:4   | Found a staircase to the Swamp.
 18393 | Lair:4   | Bought a +2 scale mail of poison resistance for 288 gold pieces
 18440 | Swamp:1  | Entered Level 1 of the Swamp
 18798 | Lair:4   | Bought a coiled steel ring for 170 gold pieces
 18799 | Lair:4   | Identified the ring of the Chupacabra {rF+ rC+ Int+4} (You found it in a labyrinth)
 18811 | Lair:4   | Identified the ring of Pragmatism {rN+ Dex+4} (You bought it in a shop on level 4 of the Lair of Beasts)
 18875 | Swamp:1  | Slain by an eight-headed hydra

Vault maps used:
D:1:      dpeg_arrival_chambers_temple_mockup
D:2:      lemuel_crystal_altar, uniq_crazy_yiuf_cottage
D:4:      elyvilon_altar_3, lemuel_coloured_pillars_altar,
          cheibriados_altar_wand_db
D:5:      tso_metal_star, first_bread, grunt_ministairs_6
D:6:      brannock_xom_greatest_gift, minmay_misc_feat_encased,
          kennysheep_generic_room_5, uniq_grinder, uniq_pikel
D:7:      uniq_prince_ribbit1, uniq_joseph, uniq_menkaure
D:8:      chequers_temple_overflow_minitemple, serial_shops,
          kennysheep_little_box
D:9:      kennysheep_mini, overflow_temple_1_default, the_bakery,
          kennysheep_potato
D:10:     david_lair_shrubbed, orc_0_dummy, kennysheep_generic_room_10
D:11:     dk_vineyard_1, minmay_nine_imps
Temple:   nicolae_temple_figure_eight
Lair:1:   st_stairs_11, bh_autumn_forest_stairs
Lair:2:   st_stairs_3, guppyfry_lair_drakes, grunt_megastairs_5, uniq_urug,
          uniq_erica
Lair:3:   gammafunk_lair_enchanted_lake, dummy_spider_entry
Lair:4:   minmay_swamp_entry_worms, lab_entry_generic, beast_lair_carwin_10,
          grunt_megastairs_1
Swamp:1:  hangedman_swamp_pad

Skill      XL: |  1  2  3  4  5  6  7  8  9 10 11 12 13 14 |
---------------+-------------------------------------------+-----
Shields        | 4 5 6 7 9 10 11 12 13 | 13.3
Armour         | 4 5 6 7 8 9 10 11 12 | 12.6
Maces & Flails | 3 4 5 6 8 9 11 12 14 | 14.9
Fighting       | 4 5 6 7 8 9 10 11 12 | 12.4

Action                   |  1- 3 |  4- 6 |  7- 9 | 10-12 | 13-15 || total
-------------------------+-------+-------+-------+-------+-------++-------
Melee: Flail             |   109 |    61 |       |   152 |       ||   322
       Mace              |       |   118 |   456 |       |       ||   574
       Whip              |       |       |    56 |   912 |   331 ||  1299
       Eveningstar       |       |       |       |       |   432 ||   432
Invok: Potion Petition   |       |       |       |     1 |       ||     1
       Call Merchant     |       |       |       |       |     2 ||     2
  Use: Scroll            |     1 |     1 |     3 |       |     8 ||    13
       Potion            |       |     2 |     6 |     2 |     4 ||    14
 Stab: Distracted        |       |       |       |     4 |     4 ||     8
       Petrified         |       |       |       |       |     6 ||     6
  Eat: Chunk             |     1 |     7 |    10 |       |       ||    18
       Royal jelly       |       |     1 |       |     1 |       ||     2
       Fruit             |       |       |     1 |    17 |    18 ||    36
       Meat ration       |       |       |     1 |       |       ||     1
       Beef jerky        |       |       |       |     1 |       ||     1
       Pizza             |       |       |       |     1 |       ||     1
       Bread ration      |       |       |       |       |     1 ||     1
Armor: Scale mail        |    60 |    19 |       |       |    32 ||   111
       Chain mail        |       |    57 |    46 |       |       ||   103
       Plate armour      |       |       |   206 |   254 |   366 ||   826
       Ring mail         |       |       |       |     9 |       ||     9
Dodge: Dodged            |    33 |    39 |    78 |   139 |   144 ||   433
Block: Large shield      |     5 |       |       |       |   547 ||   552
       Shield            |    57 |   107 |   338 |   480 |   177 ||  1159
       Reflection        |       |       |       |       |     3 ||     3
